 Dungeon Crawl Stone Soup version 0.31-a0-960-g0fca184906 (webtiles) character file.

Game seed: 14666250306653868625

140 porpoise the Shooter (level 5, -7/42 HPs)
             Began as a Formicid Hunter on Oct 24, 2023.
             Killed from afar by a white imp (10 damage)
             ... with a puff of frost
             ... summoned by Eustachio
             ... on level 3 of the Dungeon.
             The game lasted 00:06:12 (1801 turns).

porpoise the Shooter (Formicid Hunter)              Turns: 1801, Time: 00:06:13

Health: -7/42      AC:  8    Str: 15    XL:     5   Next: 47%
Magic:  5/5        EV: 10    Int:  9    God:
Gold:   204        SH:  0    Dex: 19    Spells: 4/4 levels left

rFire   + . .        a - +0 shortbow
rCold   . . .        (no shield)
rNeg    . . .        s - +2 scale mail {rF+}
rPois   .            (helmet unavailable)
rElec   .            (no cloak)
rCorr   .            (no gloves)
SInv    +            (no boots)
Will    .....        (no amulet)
Stlth   +            (no ring)
HPRegen 0.27/turn    (no ring)
MPRegen 0.09/turn

%: no passive effects
@: no status effects
A: permanent stasis, dig shafts and tunnels, antennae 3, four strong arms
a: Dig, Shaft Self


You were on level 3 of the Dungeon.
You visited 1 branch of the dungeon, and saw 4 of its levels.

You collected 204 gold pieces.

Inventory:

Hand Weapons
 a - a +0 shortbow (weapon)
Missiles
 r - 6 boomerangs
Armour
 s - a +2 scale mail of fire resistance (worn)
Wands
 o - a wand of flame (17)
 q - a wand of paralysis (10)
Scrolls
 b - a scroll of butterflies
 d - a scroll of fear {unknown}
 e - 2 scrolls of immolation {unknown}
 f - a scroll of revelation {unknown}
 g - a scroll of vulnerability {unknown}
 h - 4 scrolls of identify {unknown}
 m - a scroll of fog {unknown}
 p - a scroll of amnesia {unknown}
Potions
 i - a potion of mutation {unknown}
 j - a potion of brilliance {unknown}
 k - 2 potions of heal wounds {unknown}
 l - a potion of enlightenment {unknown}
 n - a potion of cancellation {unknown}


   Skills:
 + Level 4.1 Fighting
 + Level 5.1 Ranged Weapons
 - Level 2.1 Dodging
 - Level 2.0 Stealth


You had 4 spell levels left.
You didn't know any spells.
Your spell library contained the following spells:

 Spells                   Type           Power      Damage    Failure   Level
 Gell's Gravitas          Tloc           0%         N/A       99%         3
 Teleport Other           Tloc           0%         N/A       99%         3
 Dispersal                Tloc           0%         N/A       100%        6


Dungeon Overview and Level Annotations

Branches:
Dungeon (4/15)
 Temple: D:4-7

Altars:
Vehumet

Annotations:
D:3 Eustachio


Innate Abilities, Weirdness & Mutations

You cannot be hasted, slowed, berserked, paralysed or teleported.
You can dig through walls and to a lower floor.
You have a pair of large antennae on your head. (SInv)
Your four strong arms can wield two-handed weapons with a shield.


Message History

There is a stone staircase leading down here.
You shoot an arrow.
The arrow hits Eustachio but does no damage.
Eustachio is heavily wounded.
Eustachio hits you with a +0 falchion!
You shoot an arrow. The arrow barely misses Eustachio.
Eustachio hits you with a +0 falchion.
Eustachio gestures wildly while chanting.
You shoot an arrow.
The arrow hits Eustachio but does no damage.
Eustachio is heavily wounded.
Eustachio screams, "This atrocity can only be purified with blood!"
Eustachio closely misses you. The iron imp barely misses you.
You shoot an arrow.
The arrow hits Eustachio but does no damage.
Eustachio is heavily wounded.
Eustachio casts a spell.
Eustachio blinks!
The iron imp hits you.
Eustachio casts a spell.
Eustachio blinks!
You shoot an arrow. The arrow barely misses Eustachio.
Eustachio hits you with a +0 falchion!
Eustachio mumbles some strange words.
The iron imp hits you!
* * * LOW HITPOINT WARNING * * *
You shoot an arrow. The arrow hits Eustachio.
Eustachio is heavily wounded.
Eustachio hits you but does no damage.
The iron imp hits you but does no damage.
You shoot an arrow.
The arrow hits Eustachio but does no damage.
Eustachio is heavily wounded.
Eustachio hits you with a +0 falchion.
* * * LOW HITPOINT WARNING * * *
The iron imp hits you.
* * * LOW HITPOINT WARNING * * *
You shoot an arrow. The arrow barely misses Eustachio.
Eustachio mumbles some strange words.
The white imp gestures at you. The puff of frost hits you!
You die...

###### ### #....# ##..
#....## ##... #.....#
#.... ########.....# #....
##.....#@5....## #....
##......5@5.....######....
#.........5..........#....
#...............####......
#.................####....
#...............#.## #....
#..................###....
##.............##....#....
##.....#.....#####.......


You could see Eustachio, an iron imp (summoned, expiring), a quasit (summoned),
a white imp (summoned) and a shadow imp (summoned).

Vanquished Creatures
  An iguana (D:3)
  3 gnolls (D:3)
  2 adders (D:2)
  2 worms (D:3)
  3 dart slugs
  10 ball pythons
  5 endoplasms
  2 giant cockroaches
  6 goblins
  6 hobgoblins
  3 bats
  5 frilled lizards
  5 kobolds
  5 rats
58 creatures vanquished.

Notes
Turn   | Place    | Note
-------+----------+-------------------------------------------
     0 | D:1      | porpoise the Formicid Hunter began the quest for the Orb.
     0 | D:1      | Reached XP level 1. HP: 16/16 MP: 1/1
    44 | D:1      | Reached XP level 2. HP: 23/23 MP: 2/2
   238 | D:1      | Reached XP level 3. HP: 28/28 MP: 3/3
   745 | D:2      | Found a faded altar of an unknown god.
   904 | D:2      | Reached XP level 4. HP: 35/35 MP: 4/4
  1282 | D:3      | Found a radiant altar of Vehumet.
  1390 | D:3      | Reached XP level 5. HP: 42/42 MP: 5/5
  1648 | D:3      | Reached skill level 5 in Ranged Weapons
  1781 | D:4      | Noticed Eustachio
  1800 | D:3      | HP: 2/42 [iron imp[Eustachio] (1)]
  1801 | D:3      | Killed from afar by a white imp

Illustrated notes

Levels and vault maps discovered:
D:1:      orjb1_clovarrival, layout_rooms, st_stairs_2,
          wander_ebering_terrifying_dragon_lair
D:2:      layout_loops_cross, ebering_ecumenical_altar_petrified
D:3:      layout_rooms, vehumet_altar_wand_db
D:4:      layout_basic, mainiacjoe_overflow_alcove_1,
          cheibrodos_ashenzari_chains, nicolae_overflow_crystal_walls,
          amethyst_overflow_temple_binary, serial_shops,
          nicolae_shop_behind_doors, minivault_14,
          chequers_serial_rivers_micro_d, kennysheep_path_1,
          hangedman_abyss_or_decor_lesser_grid, grunt_ministairs_10, uniq_pikel,
          uniq_eustachio, uniq_natasha

Skill      XL: |  1  2  3  4  5 |
---------------+----------------+-----
Dodging        | 2 |  2.1
Stealth        | 2 |  2.0
Fighting       | 3 4 |  4.1
Ranged Weapons | 5 |  5.1

Action                     |  1- 3 |  4- 6 || total
---------------------------+-------+-------++-------
   Fire: Shortbow          |    83 |    81 ||   164
Ability: Dig               |       |     1 ||     1
 Armour: Leather armour    |    14 |     4 ||    18
         Scale mail        |       |    18 ||    18
  Dodge: Dodged            |    18 |    12 ||    30

Table legend: (Time is in decaauts)
 A = Elapsed time spent in this place.
 B = Non-inter-level travel time spent in this place.
 C = Inter-level travel time spent in this place.
 D = Time resting spent in this place.
 E = Time spent auto-exploring this place.
 F = Levels seen in this place.
 G = Mean time per level.
                   A        B        C        D        E       F      G
               +--------+--------+--------+--------+--------+-----+--------+
         Total |   1856 |   1740 |    116 |    137 |   1245 |   4 |  464.0 |
       Dungeon |   1856 |   1740 |    116 |    137 |   1245 |   4 |  464.0 |
               +--------+--------+--------+--------+--------+-----+--------+

Top non-repeatable levels by time:
     D:2: 661 daAuts
     D:1: 657 daAuts
     D:3: 524 daAuts
     D:4: 14 daAuts
